Cogmind - Beta 17.1 @@@ ROGUE MODE // 2026.09.02 @ 21:15:53 Player: lavinia Result: Destroyed by G-47 Trooper with Particle Gun Performance ------------- Evolutions (0) 0 Regions Visited (1) 200 Robots Destroyed (15) 75 Value Destroyed (354) 354 Prototype IDs (4) 80 Alien Tech Used (0) 0 Bonus (0) 0 TOTAL SCORE: 709 Bonus ------- None Cogmind --------- Core Integrity 0/250 Matter 285/300 Energy 80/250 System Corruption 1% Temperature Cool (9) Movement Flying (37) Location -10/Materials Parts ------- > --- POWER (1) -------- Ion Engine > --- PROPULSION (2) --- Improved Flight Unit Improved Flight Unit > --- UTILITY (2) ------ Signal Interpreter Terrain Scanner > --- WEAPON (2) ------- Hammer > --- INVENTORY (5) ---- Improved Flight Unit Beam Cannon Assault Rifle Mini Grenade Launcher Datajack Peak State ------------ > --- POWER ------------ Ion Engine > --- PROPULSION ------- Improved Flight Unit Improved Flight Unit > --- UTILITY ---------- Small Storage Unit > --- WEAPON ----------- Hammer Hammer > --- INVENTORY -------- Assault Rifle [Rating: 10] Favorites ----------- Power Ion Engine Engine Ion Engine Propulsion Improved Flight Unit Leg Improved Aluminum Leg Wheel Compact Wheel Flight Unit Improved Flight Unit Utility Small Storage Unit Device Terrain Scanner Storage Small Storage Unit Processor Signal Interpreter Weapon Hammer Energy Gun EM Pulse Gun Ballistic Gun Light Assault Rifle Impact Weapon Hammer Special Melee Weapon Datajack Build | -11 -10 ------- Run | Yrd Mat Slots Evolved . | . . Power . | . . Propulsion . | . . Utility . | . . Weapon . | . . Parts Attached 18 | 6 12 Power 2 | 1 1 Engine 2 | 1 1 Core . | . . Reactor . | . . Propulsion 7 | 2 5 Treads . | . . Leg 2 | . 2 Wheel 2 | 2 . Hover . | . . Flight 3 | . 3 Utility 3 | 1 2 Device 1 | . 1 Storage 1 | 1 . Processor 1 | . 1 Hackware . | . . Protection . | . . Artifact . | . . Weapon 6 | 2 4 Energy Gun 1 | 1 . Energy Cannon . | . . Ballistic Gun 2 | 1 1 Ballistic Cannon . | . . Launcher . | . . Special Weapon . | . . Impact Weapon 2 | . 2 Slashing Weapon . | . . Piercing Weapon . | . . Special Melee Weapon 1 | . 1 Unidentified Prototypes 1 | . 1 Parts Lost 2 | . 2 Power . | . . Propulsion 1 | . 1 Utility . | . . Weapon 1 | . 1 Highest Loss Streak 1 | . 1 To Critical Strikes . | . . Average Backups 2 | . 2 Power . | . . Propulsion . | . . Utility . | . . Weapon 1 | . 1 Tool/Special . | . . Unused Backups 3 | . 3 Power . | . . Propulsion 1 | . 1 Utility . | . . Weapon 2 | . 2 Tool/Special . | . . Average Slot Usage (%) 76 | . 76 Engine 7 | . 7 Leg 3 | . 3 Wheel 8 | . 8 Flight 12 | . 12 Device 1 | . 1 Storage 7 | . 7 Processor 5 | . 5 Energy Gun 1 | . 1 Ballistic Gun 1 | . 1 Impact Weapon 25 | . 25 Peak Build Rating 10 | 6 10 Average Rating 7 | 4 7 On Entrance 3 | . 6 Avg Prop Armor Cover (%) . | . . Naked Turns . | . . Heaviest Build 14 | 13 14 Greatest Support 26 | 26 26 Greatest Overweight (x) 4 | . 4 Average Overweight (x) . | . . Largest Inventory Capacity 8 | 8 8 Average Capacity 6 | 6 6 Most Carried 5 | 2 5 Average Carried 2 | . 2 Final Capacity 8 | 8 5 Final Carried 5 | . 5 Class Distribution -------------------- 100% | Mutant Dominant Class ---------------- Mutant | -10/Materials Resources | -11 -10 ----------- Run | Yrd Mat Matter Collected 375 | 199 176 Remotely . | . . Salvage Created 462 | . 462 Parts 21 | . 21 Haulers Intercepted 1 | . 1 Recyclers Shooed . | . . Parts Field Recycled . | . . Retrieved Matter . | . . Parts Self-Destructed . | . . Prevented . | . . Parts Restored . | . . Kills | -11 -10 ------- Run | Yrd Mat Combat Hostiles Destroyed 9 | . 9 Melee 7 | . 7 Classes Destroyed 6 | . 6 Tunneler 1 | . 1 Hauler 1 | . 1 Operator 2 | . 2 Watcher 2 | . 2 Swarmer 2 | . 2 Grunt 7 | . 7 Best Kill Streak 4 | . 4 Combat Bots Only 3 | . 3 Max Kills in Single Turn 1 | . 1 Gunslinging . | . . Exploded . | . . Melee 1 | . 1 Uniques/NPCs Destroyed . | . . Combat | -11 -10 -------- Run | Yrd Mat Hostile Shots Fired 74 | . 74 Missed 23 | . 23 Hits 51 | . 51 Projectile 51 | . 51 Critical Strikes 2 | . 2 Damage Taken 565 | . 565 Core 258 | . 258 Absorbed by Shields . | . . Core Remaining (%) 100 | 100 . Volleys Fired . | . . Largest . | . . Hottest . | . . Shots Fired . | . . Gun . | . . Cannon . | . . Launcher . | . . Special . | . . Kinetic . | . . Thermal . | . . Explosive . | . . Electromagnetic . | . . Robot Hit Streak . | . . Robot Miss Streak . | . . Penetration Max . | . . Secondary Targets . | . . Shots Hit Robots 37 | . 37 Core Hits 9 | . 9 Critical Kills 1 | . 1 Critical Parts Destroyed 2 | . 2 Critical Strikes 3 | . 3 Smash 3 | . 3 Melee Attacks 47 | . 47 Impact 45 | . 45 Slashing . | . . Piercing . | . . Sneak Attacks 5 | . 5 Combat Hostiles . | . . Follow-up Attacks 4 | . 4 Damage Inflicted 1046 | . 1046 Guns . | . . Cannons . | . . Explosions . | . . Melee 1046 | . 1046 Ramming . | . . Kinetic . | . . Thermal . | . . Explosive . | . . Electromagnetic . | . . Impact 1046 | . 1046 Slashing . | . . Piercing . | . . Highest Corruption 1 | . 1 Average Corruption 1 | . 1 Corruption Purged . | . . Corruption Blocked . | . . Overload Shots . | . . Overflow Damage 167 | . 167 Projectiles . | . . Explosions . | . . Melee 167 | . 167 Knockbacks 4 | . 4 Impact 4 | . 4 Kinetic . | . . Secondary . | . . Self-Inflicted Damage . | . . Shots . | . . Rammed . | . . Targets Rammed . | . . Kicked . | . . Crushed . | . . Highest Temperature 6 | . 6 Average Temperature 6 | . 6 Received Heat Transfer 291 | . 291 Siege Activations . | . . Martial Activations . | . . Shielding Activations . | . . Robots Disrupted . | . . Combat Hostiles . | . . Robots Corrupted 6 | . 6 Combat Hostiles 2 | . 2 Parts Fried 13 | . 13 Impact Corruptions 11 | . 11 Robots Melted . | . . Combat Hostiles . | . . Parts Melted . | . . Heat Transferred . | . . Parts Sabotaged . | . . Parts Stolen . | . . Parts Stripped . | . . Power Chain Reactions . | . . Alert | -11 -10 ------- Run | Yrd Mat Maximum Alert Level . | . . Low Security (%) 100 | 100 100 Level 1 . | . . Level 2 . | . . Level 3 . | . . Level 4 . | . . Level 5 . | . . High Security . | . . Max Security . | . . Peak Influence 142 | . 142 Initial . | . . Average 76 | . 81 Influence Increases 352 | . 352 Destroy 0b10 Robot/C 180 | . 180 Destroy 0b10 Robot/NC 30 | . 30 Destroy Leader 56 | . 56 Successful Hack 26 | . 26 Disable Machine 15 | . 15 Partial Spotted 15 | . 15 Lose Combat Pursuer 30 | . 30 Influence Decreases 246 | . 246 Time Decay 226 | . 226 Lost Part 20 | . 20 Squads Dispatched 5 | . 5 Investigation 2 | . 2 Extermination . | . . Reinforcement 3 | . 3 Assault . | . . Garrison . | . . Intercept . | . . Searches Triggered . | . . Construction Impeded . | . . Haulers Reinforced . | . . Active Scanning Responses . | . . Cargo Convoy Interrupts . | . . Stealth | -11 -10 --------- Run | Yrd Mat Distress Signals 1 | . 1 Communications Jammed . | . . Distress Signals . | . . Times Spotted 21 | . 21 Peak Tracking Total 8 | . 8 Tactical Retreats 1 | . 1 Traps | -11 -10 ------- Run | Yrd Mat Traps Triggered . | . . Indirectly . | . . Trap Hack Attempts . | . . Triggered . | . . Disarmed . | . . Reprogrammed . | . . Reused . | . . Traps Extracted . | . . Installed . | . . Triggered . | . . Machines | -11 -10 ---------- Run | Yrd Mat Machines Disabled 1 | . 1 Max in Single Turn 1 | . 1 Machines Repaired . | . . Machines Dismantled . | . . Machines Sabotaged . | . . Overloaded Fab Kills . | . . Hacking | -11 -10 --------- Run | Yrd Mat Machines Accessed 5 | . 5 Terminals 5 | . 5 Fabricators . | . . Repair Stations . | . . Recycling Units . | . . Scanalyzers . | . . Garrison Access . | . . Total Hacks 20 | . 20 Successful 8 | . 8 Failed 12 | . 12 Catastrophic 3 | . 3 Database Lockouts . | . . Manual 7 | . 7 Terminals 20 | . 20 Fabricators . | . . Repair Stations . | . . Recycling Units . | . . Scanalyzers . | . . Garrison Access . | . . Terminal Hacks 8 | . 8 Prototype ID Bank 1 | . 1 Terminal Index 1 | . 1 Locate Traps 1 | . 1 Zone Layout 5 | . 5 Fabricator Hacks . | . . Repair Station Hacks . | . . Recycling Unit Hacks . | . . Scanalyzer . | . . Garrison Access Hacks . | . . Unauthorized Hacks . | . . Terminals . | . . Fabricators . | . . Repair Stations . | . . Recycling Units . | . . Scanalyzers . | . . Garrison Access . | . . Data Cores Recovered . | . . Used . | . . Hacking Detections 5 | . 5 Full Trace Events 5 | . 5 Feedback Events 1 | . 1 Corruption 1 | . 1 Feedback Blocked . | . . Robot Schematics Acquired . | . . Robots Built . | . . Authchips . | . . Time . | . . Total Robot Build Rating . | . . Part Schematics Acquired . | . . Parts Built . | . . Authchips . | . . Time . | . . Total Part Build Rating . | . . Part Studies Acquired . | . . Parts Repaired . | . . Time . | . . Parts Recycled . | . . Recycled Matter . | . . Retrieved Matter . | . . Retrieved Components . | . . Parts Scanalyzed . | . . Part Schematics Acquired . | . . Parts Damaged . | . . Bothacking | -11 -10 ------------ Run | Yrd Mat Used RIF Installer . | . . Robots Hacked 1 | . 1 Non-combat 1 | . 1 Combat . | . . Robot Hacks Applied 2 | . 2 parse_system 1 | . 1 no_distress 1 | . 1 Relay Couplers Released . | . . Fabnet Peak Effective % . | . . Robots Rewired . | . . Allies Hacked . | . . Hacks Repelled . | . . Allies | -11 -10 -------- Run | Yrd Mat Total Allies . | . . Largest Group . | . . Highest-Rated Group . | . . Highest-Rated Ally . | . . Total Orders . | . . Ally Attacks . | . . Total Damage . | . . Kills . | . . Allies Corrupted . | . . Allies Melted . | . . Intel | -11 -10 ------- Run | Yrd Mat Active Infowar (turns) 49 | . 49 Terrain 49 | . 49 Robot Analysis Total . | . . Derelict Logs Recovered . | . . Drone Launches . | . . Drone Recoveries . | . . Exploration | -11 -10 ------------- Run | Yrd Mat Turns Passed 560 | 35 525 Spaces Moved 609 | 31 578 Core 20 | 6 14 Treads . | . . Legs 58 | . 58 Wheels 125 | 25 100 Hover . | . . Flight 406 | . 406 Fastest Speed 37 | 50 37 Average Speed 60 | 82 59 Slowest Speed 250 | 90 250 Overloaded Moves . | . . Propulsion Burnouts . | . . Robots Hopped 1 | . 1 Potential Cave-ins . | . . Cave-ins Triggered . | . . Exploration Rate (%) 45 | 3 88 Regions Visited 1 Branch Regions . Pre-discovered Areas . | . . Known Exits Taken . | . . Unknown Exits Taken 1 | 1 . Scrap Searched . | . . Spaces Dug . | . . Terrain Destroyed . | . . Melee . | . . Projectile . | . . AOE . | . . Terrain Rammed . | . . Walls Destroyed . | . . Machines Disabled . | . . Actions | -11 -10 --------- Run | Yrd Mat Total 724 | 38 686 Wait 30 | . 30 Move 606 | 30 576 Hop 1 | . 1 Pick Up 12 | 2 10 Fast Attach 12 | 4 8 Attach 7 | 2 5 Detach 2 | . 2 Swap 1 | . 1 Drop 11 | . 11 Fire . | . . Melee 42 | . 42 Ram . | . . Kick . | . . Crush . | . . Escape Stasis . | . . Rewire . | . . Trap . | . . Miscellaneous . | . . Route ------- -11/Scrapyard -10/Materials (discovered 5 exits: *Mat x3 / [*Min x2]) History --------- Turn | Location | Event 9 | -11/Scrapyard | Discovered new exit (range 16) 36 | -11/Scrapyard | Entered Materials 190 | -10/Materials | Core integrity fell below 50% 220 | -10/Materials | Discovered new exit (range 16) 300 | -10/Materials | Build established: Mutant 350 | -10/Materials | Discovered new exit (range 6) 397 | -10/Materials | Discovered new exit (range 12) 417 | -10/Materials | Identified exit to Materials 457 | -10/Materials | Discovered new exit (range 8) 517 | -10/Materials | Discovered exit to Materials (range 8) 547 | -10/Materials | Core integrity fell below 20% 561 | -10/Materials | Destroyed by G-47 Trooper with Particle Gun Last Messages --------------- 00517_ EXIT=FOUND: MATERIALS 00523_ Connecting with Terminal... >>Layout(Zone) Retrieving Zone 6Y layout... Downloaded map data. >>Index(Terminals) Found 7 terminals. Downloaded coordinate data. 00524_ Hammer follow-up attack on G-34 Mercenary. 00524_ Destroyed Heat Sink. 00524_ G-34 Mercenary system corrupted by crushing effect. 00529_ G-34 Mercenary IFF system glitched. 00533_ G-34 Mercenary destroyed. 00544_ Critical hit (Burn: +37). 00549_ Hammer follow-up attack on G-47 Trooper. 00555_ Hammer destroyed. 00555_ Critical hit (Burn: +37). 00561_ Acquired Ion Engine. Map ----- +----------------------------------------------------+ | ?????????????????????# ## # | | ?????????????????????# ## "" # | | ?????????????????????# ^ ## "" # | | ###################?## ## "T # | | # # #?# # "" # | | """# # "" ### # "" # | | """# """ + T " + # | | """# """ # ### # # | | # """ # #?# # ==[# | | """# ## ##?####### =[[# | | """# """ ## #????????# =[[# | | """# """ ## #????????# # | | # """ ## ########?####### | | ###### ## # #???????? | | ?????######### # #???????? | | ?????????????# # """ #???????? | | ?????????????# + """ #???????? | | ?????????????# # """ #???????? | | ?????????????# # #???????? | | ??????#??????# ########???????? | | ?????????????# ######?????????? | | ?????????????# # #???####### | | ##???????????# # " #???# # | | ???????????# #] T #####[ # | | ""???????????# # " + g/%""" # | | ""???????????# # # @# """ # | | ""???????????# ###### # """ # | | ???????????# # # | | ???????????# + """ # | | ???????????# # """ # | | ???????????# < ###### """ # | | ##???????????# #????# # | | ?????????????# #####??#?# # | | ?????????????# #????????# # | | ?????????????#####????????####### | | ????????????????????????????????? | | ???????????????????????????????#? | | ????????????????????????????????? | | ????????????????????????????????? | | ????????????????????????????????? | | | | | | | | | | | | | | | | | | | | | +----------------------------------------------------+ Best States ------------- Heat Dissipation 25 Energy Generation 10 Energy Capacity 250 Matter Stores 300 Matter Capacity 300 Sight Range 16 Terrain Scan Range 14 Terrain Scan Density 10 Evasion (%) 62 Item Schematics ----------------- None Robot Schematics ------------------ None Fabricated ------------ Nothing Repaired ---------- Nothing Studied --------- None Alien Tech Used ----------------- None Achievements -------------- Junior Dev Overwhelming Challenges ------------ None Game ------ Seed DisintegrationChainJets Manual? 0 Play Time 00:28:09 Cumulative 12.7 hours Start 2026.09.02 @ 20:38:15 End 2026.09.02 @ 21:15:53 Sessions 1 Manual Loads 0 Difficulty Rogue Special Mode None Game No. 23 Rogue 23 Adventurer 0 Explorer 0 Win Type - Total 0 Types 0/0/0/0/0/0/0/0/0/0 Lore% 8 Gallery% 9 Achievement% 8 Wizard Run 0 Options --------- Layout 1 ASCII 0 Keyboard 0 Movement Mouse Keybinds 0 Fullscreen 1 Font 24/Smallcaps Map View 50x35 Zoom Use 0% Tactical HUD 1 Map Filters NONE Filters NONE Steam 1 RUN: e6df8412-67f7-473e-8f40-4e1a24d94ded